cohdb
Replays
Latest Replays
All Replays
Popular Replays
Top Player Replays
Match Explorer
How It Works
Community
CoH3 Stats
Reddit
Sign in to upload your games and track your stats! →
Sign in with Steam
Match 42785522
Unlisted
Match 42785522
Overview
Messages
Build Orders
End
Construct Infanterie Kompanie
Grenadier Squad
GrW 34 Mortar Team
Grenadier Squad
Construct Panzergrenadier Kompanie
Panzergrenadier Squad
MG 42 Bunker
Selects Luftwaffe Battlegroup
Selects Luftwaffe Pioneer Support
Selects Flak 38 Anti-Air Emplacement
Fallschirmpioneer Squad Paradrop
Pak 40 Anti-tank Gun Team
Construct Panzer Kompanie
Fallschirmpioneer Squad Paradrop
Selects Flak 36 Anti-tank Gun Emplacement
DarkLord
juve1975
gort33333
Димитри Петренко
Jew
Volare
CHINA津门虎
Zaadschieter
0
0
Comments
sign in to comment!
No comments posted yet!